 Dungeon Crawl Stone Soup version 0.28.0-1-gb440e238dd (webtiles) character file.

Game seed: 8252930726122631989

221 zeram the Chopper (level 5, -2/47 HPs)
             Began as a Hill Orc Fighter on Feb 20, 2022.
             Slain by an orc (8 damage)
             ... on level 4 of the Dungeon.
             The game lasted 00:02:54 (2892 turns).

zeram the Chopper (Hill Orc Fighter)                Turns: 2892, Time: 00:02:55

Health: -2/47      AC:  7    Str: 21    XL:     5   Next: 98%
Magic:  5/5        EV: 13    Int:  8    God:
Gold:   125        SH:  0    Dex: 10    Spells: 4/4 levels left

rFire   . . .      SeeInvis .   a - +0 war axe
rCold   . . .      Faith    .   c - +0 buckler
rNeg    . . .      Spirit   .   b - +0 scale mail
rPois   .          Reflect  .   (no helmet)
rElec   .          Harm     .   (no cloak)
rCorr   .          Rampage  .   (no gloves)
Will    .....                   (no boots)
Stlth   ..........              (no amulet)
HPRegen 0.15/turn               g - +4 ring of evasion
MPRegen 0.09/turn               (no ring)

@: confused, mighty
A: no striking features
a: Convert to Beogh


You were on level 4 of the Dungeon.
You visited 1 branch of the dungeon, and saw 4 of its levels.

You collected 125 gold pieces.

Inventory:

Hand Weapons
 a - a +0 war axe (weapon)
Armour
 b - a +0 scale mail (worn)
 c - a +0 buckler (worn)
Jewellery
 g - a +4 ring of evasion (left hand)
Scrolls
 h - 2 scrolls of identify
 k - a scroll of magic mapping {unknown}
 l - a scroll of blinking {unknown}
 m - a scroll of amnesia {unknown}
 n - a scroll of immolation {unknown}
 o - a scroll of silence {unknown}
Potions
 d - 3 potions of might
 e - 2 potions of degeneration
 f - a potion of attraction {unknown}
 i - a potion of haste {unknown}
 j - a potion of magic {unknown}
 p - a potion of curing {unknown}
 q - a potion of cancellation {unknown}


   Skills:
 + Level 4.4 Fighting
 + Level 5.5 Axes
 + Level 4.4 Armour
 + Level 0.7 Dodging
 + Level 4.0 Shields


You had 4 spell levels left.
You didn't know any spells.
Your spell library contained the following spells:

 Spells                   Type           Power      Damage    Failure   Level
 Beastly Appendage        Tmut           0%         N/A       83%         1
 Ensorcelled Hibernation  Hex/Ice        0%         N/A       92%         2
 Passwall                 Tmut/Erth      0%         N/A       92%         2
 Wereblood                Tmut           0%         N/A       92%         2
 Spider Form              Tmut/Pois      0%         N/A       99%         3
 Swiftness                Air            0%         N/A       99%         3


Dungeon Overview and Level Annotations

Branches:
Dungeon (4/15)
 Temple: D:4-7

Altars:
Cheibriados
Nemelex Xobeh


Message History

(press Y on the ability menu to convert to Beogh)
You hit the orc but do no damage. The orc misses you.
The orc wizard mumbles some strange words.
The orc wizard flickers and vanishes!
Deactivating autopickup; reactivate with Ctrl-A.
You completely miss something. You barely miss the orc.
The orc completely misses you. Something hits you.
You barely miss something. You slash the orc!
You kill the orc!
Something hits you but does no damage.
Your Shields skill increases to level 4!
You barely miss something. Something hits you.
You hear some strange, mumbled words.
A puff of flame appears from out of thin air!
The puff of flame hits you.
Unknown command.
You miss something. You hit the orc priest.
The orc priest mumbles some strange prayers to Beogh against you.
Pain shoots through your body! The orc completely misses you.
The orc priest mumbles some strange prayers to Beogh against you.
Beogh smites you!
* * * LOW HITPOINT WARNING * * *
Something hits you but does no damage.
You hear a shout!
Unknown command.
You feel very mighty all of a sudden. The orc barely misses you.
The orc priest closely misses you.
You hear some strange, mumbled words.
You are confused.
An orc wizard comes into view. It is wielding a +0 dagger.
You bump into the rock wall.
The orc barely misses you. The orc priest barely misses you.
Something hits you but does no damage.
Unknown command.
You miss the orc priest.
The orc priest is moderately wounded.
The orc priest shouts, "Surrender to Beogh and we'll let you live!"
You hit the orc. You completely miss something.
The orc hits you with a +0 trident!
You die...

######.........###
#....#............
#....#..##...###..
#....#.# ##.......
#......###.>#####.
#..).).....## ##
##..$...##### #
#.###.){..#..##
#....o@.........
#.o##.o#..#...###
#.##..###... #)
....# ##..
#......# #..
#....... ##
#...[...# .. ###.#


You could see an orc priest, an orc wizard and an orc.

Vanquished Creatures
  Blork the orc (D:3)
  A howler monkey (D:3)
  3 adders
  An ufetubus (D:3)
  A dart slug (D:2)
  3 orcs (D:4)
  7 ball pythons
  12 bats
  7 endoplasms
  3 giant cockroaches
  4 goblins
  5 hobgoblins (D:1)
  11 jackals
  3 quokkas
  3 frilled lizards
  4 kobolds (D:1)
  3 rats
72 creatures vanquished.

Notes
Turn   | Place    | Note
-------+----------+-------------------------------------------
     0 | D:1      | zeram the Hill Orc Fighter began the quest for the Orb.
     0 | D:1      | Reached XP level 1. HP: 19/19 MP: 1/1
     7 | D:1      | Found a faded altar of an unknown god.
    94 | D:1      | Reached XP level 2. HP: 26/27 MP: 2/2
   120 | D:1      | Reached skill level 3 in Axes
   364 | D:1      | Reached XP level 3. HP: 32/33 MP: 3/3
  1106 | D:2      | Reached skill level 4 in Axes
  1178 | D:2      | Reached XP level 4. HP: 40/40 MP: 4/4
  1787 | D:3      | Reached XP level 5. HP: 46/46 MP: 5/5
  2133 | D:3      | Found a sparkling altar of Nemelex Xobeh.
  2364 | D:3      | Found a snail-covered altar of Cheibriados.
  2631 | D:4      | Noticed Blork the orc
  2645 | D:3      | Reached skill level 5 in Axes
  2816 | D:3      | Killed Blork the orc
  2892 | D:4      | Slain by an orc

Illustrated notes

Levels and vault maps discovered:
D:1:      erik_arrival_blinker_ship, layout_basic,
          ebering_ecumenical_altar_petrified
D:2:      layout_loops_ring, minmay_misc_feat_four_crosses
D:3:      layout_basic, mainiacjoe_overflow_alcove_2,
          mainiacjoe_overflow_24_doors
D:4:      layout_rooms, mainiacjoe_overflow_surrounded_room,
          portal_sewer_entry_e, item_on_display_a, uniq_blork_the_orc

Skill      XL: |  1  2  3  4  5 |
---------------+----------------+-----
Axes           | 3 4 5 |  5.5
Fighting       | 4 |  4.4
Armour         | 4 |  4.4
Shields        | 4 |  4.0
Dodging        | |  0.7

Action                   |  1- 3 |  4- 6 || total
-------------------------+-------+-------++-------
Melee: War axe           |    93 |   105 ||   198
  Use: Scroll            |     3 |       ||     3
       Potion            |       |     1 ||     1
Armor: Scale mail        |    45 |    39 ||    84
Dodge: Dodged            |    50 |   101 ||   151
Block: Buckler           |    34 |    34 ||    68
